 Dungeon Crawl Stone Soup version 0.17.1-2-g5865329 (webtiles) character file.

10471 Jerry the Covert (level 11, -1/85 HPs)
             Began as an Octopode Assassin on Jan 28, 2016.
             Was an Elder of Ashenzari.
             Slain by a yak (6 damage)
             ... on level 11 of the Dungeon.
             The game lasted 02:10:28 (12075 turns).

Jerry the Covert (Octopode Assassin)               Turns: 12075, Time: 02:10:28

Health: -1/85      AC:  1    Str: 21    XL:     11   Next: 62%
Magic:  19/19      EV: 17    Int: 13    God:    Ashenzari [****..]
Gold:   939        SH:  7    Dex: 16    Spells: 3 memorised, 10 levels left

rFire  + + .     SeeInvis +     v - +2 dagger (speed) (curse)
rCold  . . .     Clarity  +     U - +1 buckler (curse)
rNeg   + + .     SustAt   +     (helmet restricted)
rPois  +         Gourm    .     j - amulet of warding (curse)
rElec  .         Spirit   .     m - ring of poison resistance (curse)
rCorr  .         Warding  +     w - ring of sustain attributes (curse)
rMut   .         Stasis   .     y - ring of stealth (curse)
MR     +....                    t - ring of protection from fire (curse)
Stlth  +++++++...               E - ring of positive energy (curse)
                                F - ring of protection from fire (curse)
                                (no ring)
                                (no ring)

@: mighty, somewhat resistant to hostile enchantments, extremely stealthy
A: almost no armour, amphibious, 8 rings, constrict 8, camouflage 2, magic
resistance 1, robust 1, strong 2, gelatinous body 1, subdued magic 1
a: Scrying, Renounce Religion


You were on level 11 of the Dungeon.
You worshipped Ashenzari.
Ashenzari was greatly pleased with you.
You were not hungry.

You visited 2 branches of the dungeon, and saw 12 of its levels.
You also visited: Sewer and Ossuary.

You collected 939 gold pieces.

Inventory:

Hand Weapons
 b - a +0 blowgun
 p - a +1 rapier of flaming
 q - a +0 short sword of holy wrath
 v - a cursed +2 dagger of speed (weapon)
 S - a +2 antimagic trident
 T - a +2 whip of freezing
Missiles
 c - 76 poisoned needles
 k - 12 poisoned sling bullets (quivered)
Armour
 U - a cursed +1 buckler (worn)
Jewellery
 d - an uncursed amulet of rage
 j - a cursed amulet of warding (around mantle)
 m - a cursed ring of poison resistance (left tentacle)
 t - a cursed ring of protection from fire (on tentacle)
 w - a cursed ring of sustain attributes (right tentacle)
 y - a cursed ring of stealth (on tentacle)
 E - a cursed ring of positive energy (on tentacle)
 F - a cursed ring of protection from fire (on tentacle)
 N - an uncursed amulet of regeneration
Wands
 C - a wand of digging (10)
 G - a wand of lightning (11)
Scrolls
 l - 5 scrolls of teleportation
 D - a scroll of curse armour
 R - 2 scrolls of fog
 W - a scroll of blinking
 X - a scroll of curse jewellery
 Y - 3 scrolls of remove curse
Potions
 n - 3 potions of resistance
 o - 6 potions of curing
 r - a potion of cancellation
 s - a potion of invisibility
 B - 4 potions of heal wounds
 H - 5 potions of flight
 I - a potion of might
 J - a potion of berserk rage
 M - 2 potions of magic
 O - a potion of agility
 P - 3 potions of brilliance
 Q - a potion of haste
Books
 a - a Young Poisoner's Handbook

   Spells                             Type                      Level
   a - Sting                          Conjuration/Poison           1
   b - Cure Poison                    Poison                       2
   c - Mephitic Cloud                 Conjuration/Poison/Air       3
   d - Olgreb's Toxic Radiance        Poison                       4
   e - Venom Bolt                     Conjuration/Poison           5
 K - a book of Dreams

   Spells                             Type                      Level
   a - Ensorcelled Hibernation        Hexes/Ice                    2
   b - Phase Shift                    Translocation                5
   c - Shadow Creatures               Summoning                    5
   d - Silence                        Hexes/Air                    5
   e - Darkness                       Hexes                        6
   f - Mass Confusion                 Hexes                        6
 Z - a book of Enchantments

   Spells                             Type                      Level
   a - Cause Fear                     Hexes                        4
   b - Silence                        Hexes/Air                    5
   c - Deflect Missiles               Charms/Air                   6
   d - Haste                          Charms                       6
   e - Discord                        Hexes                        8
Comestibles
 e - 4 bread rations
 h - 3 meat rations
 i - 8 fruits
 u - 3 beef jerkies
 x - 9 royal jellies
 z - 3 slices of pizza


   Skills:
 - Level 8.3 Fighting
 - Level 7.4(10.9) Short Blades
 - Level 2.0 Throwing
 - Level 8.3 Dodging
 - Level 8.4 Stealth
 - Level 5.0(7.2) Shields
 + Level 5.7 Spellcasting
 - Level 1.9(3.6) Conjurations
 - Level 2.0(3.7) Hexes
 + Level 5.3(7.5) Charms
 - Level 2.0(3.7) Ice Magic
 - Level 1.9(3.6) Air Magic
 - Level 1.7(3.4) Poison Magic


You had 10 spell levels left.
You knew the following spells:

 Your Spells              Type           Power        Failure   Level  Hunger
a - Ensorcelled Hibernat  Hex/Ice        #.....       3%          2    ##.....
b - Mephitic Cloud        Conj/Pois/Air  #.......     7%          3    ###....
c - Haste                 Chrm           ###.....     86%         6    #######


Dungeon Overview and Level Annotations

Branches:
Dungeon (11/15)            Temple (1/1) D:4
   Lair: D:8-11         Orc: D:9-12

Altars:
Ashenzari
Elyvilon
Fedhas
Gozag
Kikubaaqudgha
Makhleb
Okawaru
Qazlal
Ru
Sif Muna
Trog
Vehumet
Xom
Yredelemnul
Zin
The Shining One


Innate Abilities, Weirdness & Mutations

You cannot wear most types of armour.
You are amphibious.
You can wear up to eight rings at the same time.
You can use your tentacles to constrict eight enemies at once.
Your skin blends seamlessly with your surroundings (Stealth).
Your rubbery body absorbs attacks (AC +1).
You are resistant to hostile enchantments.
You are robust (+10% HP).
Your muscles are very strong. (Str +4)
Your spells are a little easier to cast, but a little less powerful.


Message History

Things that are here:
a river rat corpse; a yak corpse You hit the yak.
Your squeeze misses the yak.
The yak is lightly wounded.
You hit the yak. Your squeeze misses the yak.
The yak is moderately wounded.
The yak barely misses you.
You puncture the yak! You squeeze the yak!!
The yak is almost dead.
You hit the yak.
You kill the yak!
The yak gores you!
* * * LOW HITPOINT WARNING * * *
You see here a yak corpse.
You puncture the yak!
The yak is moderately wounded.
You hit the yak. You squeeze the yak.
The yak is heavily wounded.
The yak gores you.
You die...

, ,, .Y.P..PP.P......,
, ** .P..PPPP..P.### ,
#.#* ..P.........>.#, *
#.##.. ,...P....##.#.#{
#.#... ........†#* , *
#.#.., ....#.#.# *,**,*
#.... , ##.##...# *,# ,
#.#.#* **#....Y#####.#
, #.#.# ####.@†††...#
,*
#<#.#########..#######*
* # #..............#**
* *
..#..#.########....# *
* #..###.# #$##.# *
##..#,## #.# .#* ** *
#.#.# #.. ., ,, *#.###
### #* * .## * * *


You could see a yak.

Vanquished Creatures
  Pikel (D:7)
  Sigmund (D:2)
  6 humans (D:8)
  The ghost of Amadiro the Shield-Bearer, an amateur HOFi of Okawaru (D:3)
  Eustachio (D:4)
  A hungry ghost (D:7)
  15 yaks
  2 hippogriffs (D:8)
  2 soldier ants (D:10)
  Duvessa (D:7)
  2 black bears
  5 sky beasts
  A necrophage (D:9)
  3 ice beasts
  A spider (D:10)
  3 phantoms
  An eye of draining (D:8)
  2 slaves (D:7)
  2 centaurs (D:10)
  9 ogres
  Blork the orc (D:6)
  2 big kobolds
  A gnoll sergeant (D:6)
  4 giant frogs
  Dowan (D:7)
  5 killer bees (D:10)
  3 scorpions
  4 wights (D:7)
  2 electric eels (D:9)
  7 crimson imps
  A centaur zombie (D:7)
  A giant frog zombie (D:5)
  4 orc wizards
  3 hounds
  Crazy Yiuf (D:5)
  2 orc priests
  A quasit (D:5)
  8 iguanas
  2 jellies
  11 worker ants
  Jessica (D:2)
  Terence (D:2)
  3 gnoll shamans (D:6)
  Natasha (thrice) (D:4)
  A big kobold zombie (Ossuary)
  A hound zombie (D:10)
  A hound skeleton (D:5)
  8 mummies (Ossuary)
  Robin (D:4)
  12 adders
  43 gnolls
  3 river rats
  2 shadow imps
  3 oozes
  3 adder skeletons
  7 worms
  4 giant geckos
  40 orcs
  3 ball pythons
  4 giant cockroaches
  3 gnoll zombies (Ossuary)
  16 goblins
  20 hobgoblins
  23 jackals
  2 quokkas
  13 bats
  5 giant newts
  2 hobgoblin zombies (Ossuary)
  A jackal skeleton (D:4)
  18 kobolds
  2 orc zombies (Ossuary)
  2 quokka skeletons
  10 rats
385 creatures vanquished.

Vanquished Creatures (others)
  4 fungi (D:11)
  A plant (D:11)
5 creatures vanquished.

Grand Total: 390 creatures vanquished

Notes
Turn   | Place    | Note
--------------------------------------------------------------
     0 | D:1      | Jerry the Octopode Assassin began the quest for the Orb.
     0 | D:1      | Reached XP level 1. HP: 14/14 MP: 1/1
    71 | D:1      | Reached XP level 2. HP: 12/19 MP: 2/2
   735 | D:1      | Reached XP level 3. HP: 25/25 MP: 3/3
   796 | D:1      | Found a shattered altar of Ashenzari.
   801 | D:1      | Became a worshipper of Ashenzari the Shackled
   983 | D:2      | Reached skill level 6 in Stealth
  1325 | D:2      | Reached XP level 4. HP: 14/30 MP: 4/4
  1657 | D:2      | Gained mutation: You expend magic power (3 MP) to strengthen your wands. [potion of mutation]
  1657 | D:2      | Gained mutation: Your skin blends seamlessly with your surroundings (Stealth). [potion of mutation]
  1657 | D:2      | Gained mutation: You are robust (+10% HP). [potion of mutation]
  1664 | D:2      | Noticed Jessica
  1677 | D:2      | Killed Jessica
  1685 | D:2      | Noticed Terence
  1892 | D:2      | Killed Terence
  1892 | D:2      | Reached XP level 5. HP: 30/39 MP: 5/5
  1964 | D:2      | Gained mutation: Your muscles are strong. (Str +2) [potion of mutation]
  1964 | D:2      | Gained mutation: Your muscles are very strong. (Str +4) [potion of mutation]
  1971 | D:2      | Noticed Sigmund
  1984 | D:2      | Killed Sigmund
  1984 | D:2      | Reached skill level 7 in Stealth
  1984 | D:2      | Reached XP level 6. HP: 34/46 MP: 6/6
  2327 | D:3      | Noticed Amadiro's ghost (amateur HOFi)
  2340 | D:3      | Killed Amadiro's ghost
  2340 | D:3      | Reached XP level 7. HP: 15/51 MP: 7/7
  2988 | D:4      | Reached skill level 8 in Stealth
  3630 | D:4      | Noticed Natasha
  3640 | D:4      | Killed Natasha
  3731 | D:4      | Reached * piety under Ashenzari
  4059 | D:4      | Found a staircase to the Ecumenical Temple.
  4068 | Temple   | Entered the Ecumenical Temple
  4166 | D:4      | Noticed Eustachio
  4175 | D:4      | Killed Eustachio
  4175 | D:4      | Reached XP level 8. HP: 43/59 MP: 8/8
  4316 | D:4      | Noticed Natasha
  4324 | D:4      | Killed Natasha
  4332 | D:4      | Reached skill level 5 in Short Blades
  4475 | D:4      | Noticed Robin
  4496 | D:4      | Killed Robin
  4521 | D:4      | Reached skill level 5 in Fighting
  4645 | D:4      | Reached skill level 5 in Dodging
  4827 | D:4      | Noticed Natasha
  4837 | D:4      | Killed Natasha
  4986 | D:4      | Found a bloodstained altar of Trog.
  5034 | D:5      | Entered Level 5 of the Dungeon
  5113 | D:5      | Found a glowing drain.
  5178 | Sewer    | Entered a sewer
  5331 | Sewer    | Found a white marble altar of Elyvilon.
  5510 | D:5      | Gained mutation: Scrolls take you a little longer to read. [mutagenic meat]
  5511 | D:5      | Gained mutation: You can spit weak poison. [mutagenic meat]
  5512 | D:5      | Gained mutation: Your mind is acute. (Int +2) [mutagenic meat]
  5513 | D:5      | Gained mutation: You are resistant to hostile enchantments. [mutagenic meat]
  5682 | D:5      | Noticed Crazy Yiuf
  5691 | D:5      | Killed Crazy Yiuf
  5691 | D:5      | Reached XP level 9. HP: 61/68 MP: 9/9
  5836 | D:5      | Learned a level 2 spell: Ensorcelled Hibernation
  6192 | D:6      | Found a burning altar of Makhleb.
  6198 | D:6      | Noticed a cacodemon
  6208 | D:6      | Reached skill level 1 in Spellcasting
  6208 | D:6      | Reached skill level 1 in Hexes
  6208 | D:6      | Reached skill level 1 in Ice Magic
  6341 | D:6      | Reached ** piety under Ashenzari
  6488 | D:6      | Found an ancient bone altar of Kikubaaqudgha.
  6919 | D:6      | Noticed Blork the orc
  6933 | D:6      | Killed Blork the orc
  7585 | D:6      | Found a sacrificial altar of Ru.
  7760 | D:7      | Found a radiant altar of Vehumet.
  7914 | D:7      | Noticed Duvessa
  7914 | D:7      | Noticed Dowan
  7941 | D:7      | Killed Duvessa
  7946 | D:7      | Killed Dowan
  7961 | D:7      | Noticed Pikel
  8082 | D:7      | Found a sand-covered staircase.
  8093 | Ossuary  | Entered an ossuary
  8268 | Ossuary  | Reached XP level 10. HP: 60/78 MP: 14/14
  8705 | D:7      | Killed Pikel
  8982 | D:7      | Reached *** piety under Ashenzari
  9348 | D:8      | Reached skill level 1 in Shields
  9614 | D:8      | Reached skill level 5 in Shields
  9933 | D:8      | Gained mutation: Your spells are a little easier to cast, but a little less powerful. [mutagenic meat]
  9949 | D:8      | Found an opulent altar of Gozag.
  9990 | D:8      | Learned a level 3 spell: Mephitic Cloud
 10153 | D:9      | Reached skill level 1 in Air Magic
 10153 | D:9      | Reached skill level 1 in Poison Magic
 10170 | D:9      | Reached skill level 1 in Conjurations
 10186 | D:9      | Found a basalt altar of Yredelemnul.
 10348 | D:9      | Reached XP level 11. HP: 71/85 MP: 15/15
 10438 | D:9      | Learned a level 6 spell: Haste
 10683 | D:10     | Entered Level 10 of the Dungeon
 10699 | D:10     | Reached skill level 1 in Charms
 10716 | D:10     | Gained mutation: Your spells are easier to cast, but less powerful. [mutagenic meat]
 10806 | D:10     | Reached **** piety under Ashenzari
 11318 | D:10     | Lost mutation: Scrolls take you a little longer to read. [potion of cure mutation]
 11318 | D:10     | Lost mutation: Your mind is acute. (Int +2) [potion of cure mutation]
 11318 | D:10     | Lost mutation: You can spit weak poison. [potion of cure mutation]
 11318 | D:10     | Lost mutation: Your spells are easier to cast, but less powerful. [potion of cure mutation]
 11318 | D:10     | Lost mutation: You expend magic power (3 MP) to strengthen your wands. [potion of cure mutation]
 11972 | D:11     | Reached skill level 5 in Spellcasting
 12053 | D:11     | Reached skill level 5 in Charms
 12075 | D:11     | Slain by a yak

Action                   |  1- 3 |  4- 6 |  7- 9 | 10-12 || total
-------------------------+-------+-------+-------+-------++-------
Melee: Dagger            |    84 |    40 |       |   318 ||   442
       Short sword       |       |    46 |   541 |   228 ||   815
Evoke: Wand              |       |       |       |     1 ||     1
  Use: Scroll            |     2 |     2 |    22 |    15 ||    41
       Potion            |       |     2 |       |     4 ||     6
 Stab: Sleeping          |     9 |     9 |    57 |    41 ||   116
       Distracted        |     1 |     1 |     5 |       ||     7
  Eat: Chunk             |     1 |     3 |    17 |    20 ||    41
       Bread ration      |       |       |     2 |     1 ||     3
